 Dungeon Crawl Stone Soup version 0.14.0-6-g1bc2dff (console) character file.

17042 Bikaver the Severer (level 12, -5/106 HPs)
             Began as a Minotaur Gladiator on Apr 12, 2014.
             Was a High Priest of Okawaru.
             Slain by Snorg (13 damage)
             ... on Level 3 of the Lair of Beasts.
             The game lasted 01:05:00 (16932 turns).

Bikaver the Severer (Minotaur Gladiator)           Turns: 16932, Time: 01:05:01

HP  -5/106       AC 15     Str 26      XL: 12   Next:  9%
MP   5/6         EV 10     Int  5      God: Okawaru [*****.]
Gold 698         SH  0     Dex 13      Spells:  0 memorised, 11 levels left

rFire  + . .     SeeInvis +     X - +2,+4 battleaxe (vamp)
rCold  x . .     Clarity  .     c - +0 chain mail {rPois}
rNeg   + . .     Conserve .     (no shield)
rPois  +         rCorr    .     R - +2 hat {SInv}
rElec  +         rRot     .     (no cloak)
SustAb . .       Spirit   .     (no gloves)
rMut   .         Warding  +     (no boots)
Saprov . . .     Stasis   .     q - amulet of Ditups {Ward rC- Str+3}
MR     .....                    C - ring of protection from fire
                                n - ring of see invisible

@: non-regenerating, diseased, heroism, not resistant to hostile enchantments,
extremely unstealthy
A: retaliatory headbutt, horns 2, breathe flames 1, low mp 1, electricity
resistance, slow metabolism 1, wild magic 1
a: Heroism, Finesse, Renounce Religion, Breathe Fire


You were on level 3 of the Lair of Beasts.
You worshipped Okawaru.
Okawaru was extremely pleased with you.
You were hungry.

You visited 3 branches of the dungeon, and saw 13 of its levels.
You also visited: Ossuary.

You collected 698 gold pieces.

Inventory:

Hand weapons
 a - a +0,+1 war axe
 r - a +0 blowgun
 w - a +1,+2 hand axe of flaming
 z - a +0,+0 battleaxe
 U - a +0,+1 falchion of pain
 X - a +2,+4 vampiric battleaxe (weapon)
Missiles
 d - 4 throwing nets (quivered)
 t - 14 poisoned needles
 I - 3 poisoned darts
Armour
 c - a +0 chain mail of poison resistance (worn)
 i - a +2 chain mail of fire resistance
 l - a +0 ring mail of magic resistance
 R - a +2 hat of see invisible (worn)
Magical devices
 s - a wand of frost (24)
 v - a wand of flame (15)
 D - a wand of slowing (14)
 T - a wand of invisibility (4)
Comestibles
 f - 10 bread rations
 x - 5 apples
Scrolls
 e - 14 scrolls of identify
 k - 3 scrolls of remove curse
 m - 5 scrolls of teleportation
 o - 2 scrolls of fear
 G - 3 scrolls of blinking
Jewellery
 b - an uncursed amulet of warding
 j - a cursed amulet of rage
 n - a ring of see invisible (left hand)
 q - the amulet of Ditups (around neck) {Ward rC- Str+3}
   (You found it on level 4 of the Dungeon)

   [amulet of warding]

   It affects your strength (+3).
   It makes you vulnerable to cold.
 C - a ring of protection from fire (right hand)
 W - an uncursed ring of positive energy
Potions
 g - 3 potions of might
 h - 4 potions of heal wounds
 J - a potion of haste
 S - 2 potions of curing
Miscellaneous
 M - a lantern of shadows
 N - a lamp of fire


   Skills:
 - Level 10.1(15.1) Fighting
 + Level 17.9(22.9) Axes
 - Level 2.0(7.0) Throwing
 - Level 10.0(15.0) Armour
 - Level 3.2(8.2) Dodging
 - Level 1.1 Evocations


You had 11 spell levels left.
You didn't know any spells.

Dungeon Overview and Level Annotations

Branches:
Dungeon (9/15)             Temple (1/1) D:7            Lair (3/8) D:9
 Shoals (0/5) Lair:3
    Orc: D:9-12       Swamp: Lair:3-6     Snake: Lair:3-6    Spider: Lair:3-6

Altars:
Elyvilon
Fedhas
Kikubaaqudgha
Nemelex Xobeh
Okawaru
Sif Muna
Trog
Vehumet
Zin
The Shining One

Annotations:
Lair:3 Snorg


Innate Abilities, Weirdness & Mutations

You reflexively headbutt those who attack you in melee.
You have a pair of horns on your head.
You can breathe flames.
Your magical capacity is low (-10% MP).
You are resistant to electric shocks.
You have a slow metabolism.
Your spells are a little harder to cast, but a little more powerful.


Message History

Snorg bites you but does no damage. Snorg claws you! Snorg claws you!
You closely miss Snorg.
Snorg is almost dead.
Snorg bites you!
* * * LOW HITPOINT WARNING * * *
Snorg claws you but does no damage. Snorg claws you.
* * * LOW HITPOINT WARNING * * *
You hit Snorg.
You feel better.
You headbutt Snorg.
Snorg is almost dead.
You hit Snorg.
You feel better.
Snorg is almost dead.
Snorg bites you!
* * * LOW HITPOINT WARNING * * *
Snorg claws you but does no damage. Snorg barely misses you.
You barely miss Snorg. Your headbutt misses Snorg.
Snorg is almost dead.
Snorg closely misses you. Snorg claws you.
* * * LOW HITPOINT WARNING * * *
Snorg claws you!
You die...

###...# #... #....###
#...# #####......###
f..##
............(.#####...
.............(#..#..
.........#......#...#
#.#......#(#.....#..
##.#.##.....(.........
#.....T@...().f....##
.....####....(.######
P #...(### #...P..)..#
P.........#
.P.P..P....#
...P.....P..f
....P......##
..P...P./.#


You could see Snorg (berserk).

Vanquished Creatures
  Gastronok (Lair:2)
  Pikel (D:4)
  6 elephants (Lair:2)
  A black mamba (Lair:1)
  6 spiny frogs
  3 komodo dragons
  A troll (D:9)
  A two-headed ogre (D:9)
  A blink frog (Lair:1)
  2 basilisks (Lair:2)
  A grizzly bear (Lair:1)
  2 sharks (Lair:1)
  A shadow (D:8)
  7 yaks
  Eustachio (D:5)
  A hungry ghost (D:8)
  2 hippogriffs
  5 porcupines
  2 water moccasins
  An orc warrior (D:7)
  A phantom (D:8)
  A necrophage (D:8)
  A sky beast (D:7)
  2 black bears
  4 ice beasts
  5 centaurs
  3 slaves (D:3)
  5 ogres
  2 crocodiles (Lair:2)
  3 giant slugs
  9 giant frogs
  A big kobold (D:8)
  2 elf zombies (Ossuary)
  4 scorpions
  18 killer bees
  2 electric eels (Lair:1)
  3 crimson imps
  2 centaur zombies (Ossuary)
  A quasit (D:7)
  A giant frog zombie (D:9)
  A goliath beetle (D:9)
  Crazy Yiuf (D:4)
  4 orc priests
  7 orc wizards
  8 hounds
  A big fish (Lair:1)
  A black bear skeleton (D:7)
  3 worker ants
  6 iguanas
  An elf skeleton (D:8)
  3 orange rats (D:9)
  13 sheep
  Ijyb (D:5)
  4 mummies
  28 green rats
  15 adders
  3 shadow imps
  3 giant mites
  6 worms
  2 orc skeletons
  8 giant geckos
  20 orcs
  3 ball pythons
  10 giant cockroaches
  12 goblins
  23 hobgoblins
  23 jackals
  13 kobolds
  9 quokkas
  14 bats
  4 giant newts
  2 goblin zombies
  2 hobgoblin skeletons
  14 hobgoblin zombies
  A kobold skeleton (D:5)
  10 kobold zombies (Ossuary)
  8 orc zombies
  20 rats
  3 rat skeletons
  2 rat zombies (Ossuary)
  2 ballistomycetes (D:9)
  A butterfly (D:6)
  5 fungi
436 creatures vanquished.

Vanquished Creatures (others)
  A giant spore (D:9)
  3 fungi
  A plant (Lair:1)
5 creatures vanquished.

Grand Total: 441 creatures vanquished

Notes
Turn   | Place    | Note
--------------------------------------------------------------
     0 | D:1      | Bikaver, the Minotaur Gladiator, began the quest for the Orb.
     0 | D:1      | Reached XP level 1. HP: 18/18 MP: 1/1
   114 | D:1      | Reached skill level 4 in Axes
   208 | D:1      | Reached XP level 2. HP: 25/25 MP: 1/1
   680 | D:1      | Reached skill level 5 in Axes
   788 | D:2      | Reached XP level 3. HP: 27/30 MP: 2/2
  1085 | D:2      | Reached XP level 4. HP: 37/37 MP: 2/2
  1110 | D:2      | Reached skill level 6 in Axes
  1606 | D:3      | Reached skill level 7 in Axes
  1606 | D:3      | Reached XP level 5. HP: 9/42 MP: 2/2
  2654 | D:4      | Reached skill level 8 in Axes
  2674 | D:4      | Reached XP level 6. HP: 29/50 MP: 3/3
  2865 | D:4      | Noticed a slave
  2866 | D:4      | Noticed a slave
  2866 | D:4      | Noticed a slave
  2866 | D:4      | Noticed a slave
  2978 | D:4      | Noticed Pikel
  3009 | D:3      | Killed a slave
  3044 | D:3      | Killed a slave
  3050 | D:3      | Killed a slave
  3441 | D:4      | Got a glittering bronze amulet
  3444 | D:4      | Identified the amulet of Ditups {Ward rC- Str+3} (You found it on level 4 of the Dungeon)
  3596 | D:4      | Reached skill level 9 in Axes
  3640 | D:4      | Noticed Crazy Yiuf
  3648 | D:4      | Killed Crazy Yiuf
  3959 | D:4      | Reached XP level 7. HP: 40/56 MP: 3/3
  3975 | D:4      | Reached skill level 10 in Axes
  4297 | D:4      | Killed Pikel
  4297 | D:4      | Reached skill level 11 in Axes
  4297 | D:4      | Reached skill level 1 in Evocations
  4297 | D:4      | Reached XP level 8. HP: 60/62 MP: 3/4
  4469 | D:4      | Found a bloodstained altar of Trog.
  4472 | D:4      | Found an ancient bone altar of Kikubaaqudgha.
  4476 | D:4      | Found a white marble altar of Elyvilon.
  4946 | D:5      | Entered Level 5 of the Dungeon
  5104 | D:5      | Reached skill level 12 in Axes
  5115 | D:5      | Reached skill level 1 in Armour
  5365 | D:5      | Noticed Ijyb
  5373 | D:5      | Killed Ijyb
  5557 | D:5      | Noticed Eustachio
  5571 | D:5      | Killed Eustachio
  5864 | D:6      | Found a sparkling altar of Nemelex Xobeh.
  5992 | D:6      | Reached skill level 5 in Armour
  6024 | D:6      | Found a glowing silver altar of Zin.
  6468 | D:7      | Reached XP level 9. HP: 50/68 MP: 5/5
  6481 | D:7      | Gained mutation: You occasionally shout uncontrollably. [mutagenic meat]
  6482 | D:7      | Gained mutation: You evolve. [mutagenic meat]
  6689 | D:7      | Found a staircase to the Ecumenical Temple.
  6701 | Temple   | Entered the Ecumenical Temple
  6728 | Temple   | Became a worshipper of Warmaster Okawaru
  6908 | D:7      | Found a sand-covered staircase.
  6915 | Ossuary  | Entered an ossuary
  7460 | D:7      | Gained mutation: You have a fast metabolism. [potion of mutation]
  7460 | D:7      | Gained mutation: You have a pair of large horns on your head. [potion of mutation]
  7466 | D:7      | Lost mutation: You occasionally shout uncontrollably. [potion of cure mutation]
  7466 | D:7      | Lost mutation: You have a pair of large horns on your head. [potion of cure mutation]
  7466 | D:7      | Lost mutation: You have a fast metabolism. [potion of cure mutation]
  7466 | D:7      | Lost mutation: You evolve. [potion of cure mutation]
  7467 | D:7      | Gained mutation: Your magical capacity is low (-10% MP). [potion of mutation]
  7467 | D:7      | Gained mutation: Your spells are a little harder to cast, but a little more powerful. [potion of mutation]
  7467 | D:7      | Gained mutation: You have a slow metabolism. [potion of mutation]
  7468 | D:7      | Gained mutation: You are resistant to electric shocks. [potion of mutation]
  7468 | D:7      | Gained mutation: You can breathe flames. [potion of mutation]
  7837 | D:8      | Reached skill level 10 in Armour
  7876 | D:8      | Acquired Okawaru's first power
  8333 | D:8      | Reached skill level 5 in Fighting
  9046 | D:8      | Reached XP level 10. HP: 29/88 MP: 4/4
 10412 | D:9      | Found a staircase to the Lair.
 10693 | D:9      | Reached skill level 10 in Fighting
 11969 | D:9      | Reached skill level 13 in Axes
 12093 | Lair:1   | Entered Level 1 of the Lair of Beasts
 12430 | Lair:1   | Noticed a black mamba
 12448 | Lair:1   | Killed a black mamba
 12448 | Lair:1   | Reached skill level 14 in Axes
 13481 | Lair:1   | Reached XP level 11. HP: 74/99 MP: 5/5
 14362 | Lair:1   | Reached skill level 15 in Axes
 14812 | Lair:1   | Acquired Okawaru's second power
 15148 | Lair:2   | Reached skill level 16 in Axes
 15363 | Lair:2   | Received a gift from Okawaru
 15450 | Lair:2   | Noticed Gastronok
 15459 | Lair:2   | Killed Gastronok
 15656 | Lair:2   | Reached skill level 17 in Axes
 16488 | Lair:3   | Reached XP level 12. HP: 91/106 MP: 6/6
 16848 | Lair:3   | Found a staircase to the Shoals.
 16918 | Lair:3   | Noticed Snorg
 16932 | Lair:3   | Slain by Snorg

Action                   |  1- 3 |  4- 6 |  7- 9 | 10-12 || total
-------------------------+-------+-------+-------+-------++-------
Melee: War axe           |    65 |   171 |   354 |       ||   590
       Battleaxe         |       |       |    22 |   549 ||   571
Invok: Heroism           |       |       |       |     2 ||     2
 Abil: Evoke Berserk Rag |       |     1 |     7 |       ||     8
       Breathe Fire      |       |       |     1 |       ||     1
Evoke: Wand              |       |       |     2 |     2 ||     4
  Use: Scroll            |     2 |     6 |     8 |     8 ||    24
       Potion            |     2 |     2 |     9 |     3 ||    16
